 Dungeon Crawl Stone Soup version 0.26-a0-34-g9e0bf03589 (webtiles) character file.

Game seed: 13660629607190568888, levelgen mode: deterministic

77 Baz the Skirmisher (level 4, -5/35 HPs)
             Began as a Mummy Berserker on May 29, 2020.
             Was a Believer of Trog.
             Killed by divine providence
             ... invoked by an orc priest
              (8 damage)
             ... on level 3 of the Dungeon.
             The game lasted 00:06:26 (2706 turns).

Baz the Skirmisher (Mummy Berserker)                Turns: 2706, Time: 00:06:27

Health: -5/35      AC:  5    Str: 20    XL:     4   Next: 13%
Magic:  4/4        EV:  8    Int:  6    God:    Trog [**....]
Gold:   101        SH:  7    Dex: 12    Spells: 3/3 levels left

rFire    x . .     SeeInvis .   a - +0 mace
rCold    + . .     Gourm    .   m - +0 kite shield
rNeg     + + +     Faith    .   h - +0 ring mail
rPois    ∞         Spirit   .   (no helmet)
rElec    .         Reflect  .   (no cloak)
rCorr    .         Harm     .   (no gloves)
MR       .....                  (no boots)
Stlth    +.........             (no amulet)
HPRegen  0.11/turn              (no ring)
MPRegen  0.09/turn              (no ring)

@: no status effects
A: no food or potions, fire vulnerability, cold resistance 1, negative energy
resistance 3, torment resistance, unbreathing
a: Trog's Hand, Renounce Religion


You were on level 3 of the Dungeon.
You worshipped Trog.
Trog was pleased with you.
You were not hungry.

You visited 1 branch of the dungeon, and saw 3 of its levels.

You collected 101 gold pieces.

Inventory:

Hand Weapons
 a - a +0 mace (weapon)
 o - a +0 flail
Missiles
 e - 199 stones (quivered)
 l - 2 throwing nets
Armour
 c - a +2 robe of positive energy
 h - a +0 ring mail (worn)
 m - a +0 kite shield (worn)
Scrolls
 b - a scroll of random uselessness {unknown}
 d - 4 scrolls of identify {unknown}
 f - 3 scrolls of remove curse {unknown}
 g - a scroll of teleportation {unknown}
 i - a scroll of blinking {unknown}
 j - a scroll of noise {unknown}
 k - 2 scrolls of amnesia {unknown}
 n - 3 scrolls of fear {unknown}


   Skills:
 + Level 3.4 Fighting
 * Level 3.1 Maces & Flails
 + Level 2.1 Armour
 - Level 2.1 Dodging
 + Level 0.0 Shields


You had 3 spell levels left.
You didn't know any spells.
Your spell library was empty.

Dungeon Overview and Level Annotations

Branches:
Dungeon (3/15)

Altars:
Trog


Innate Abilities, Weirdness & Mutations

You do not eat or drink.
Your flesh is vulnerable to fire.
You are immune to poison.
Your flesh is cold resistant. (rC+)
You are immune to negative energy. (rN+++)
You are immune to unholy pain and torment.
You can survive without breathing.


Message History

Unknown command.
You barely miss the orc priest.
The orc priest hits you with a +0 flail!
* * * LOW HITPOINT WARNING * * *
You hit the orc priest.
The orc priest is lightly wounded.
The orc priest hits you with a +0 flail.
* * * LOW HITPOINT WARNING * * *
Unknown command.
You hit the orc priest but do no damage.
The orc priest is lightly wounded.
The orc priest hits you with a +0 flail.
* * * LOW HITPOINT WARNING * * *
Unknown command.
You can't drink.
You hit the orc priest.
The orc priest is moderately wounded.
The orc priest calls down the wrath of Beogh upon you.
Beogh smites you!
You die...

######.#
##########
#####.# #...#.#
#.#'#.# #...†.#
#.....#
########.....#
#....<.#.)...#
#.####o#@#+#.###
#.#..#.#)o......
#.##.....#.#####
#.##.#.#.#.#
#.##.#.#.# #
#.##.#.#.#
#.##.#.#.#
#.##.#.#.#
#.##.#.#.#


You could see an orc priest.

Vanquished Creatures
  2 dart slugs
  2 leopard geckos
  3 orcs (D:3)
  10 bats
  3 giant cockroaches
  11 goblins
  9 hobgoblins
  3 jackals
  9 kobolds
  A quokka (D:2)
  2 ball pythons (D:1)
  2 frilled lizards (D:2)
  5 rats (D:1)
62 creatures vanquished.

Notes
Turn   | Place    | Note
-------+----------+-------------------------------------------
     0 | D:1      | Baz the Mummy Berserker began the quest for the Orb.
     0 | D:1      | Reached XP level 1. HP: 18/18 MP: 1/1
   294 | D:1      | Reached XP level 2. HP: 17/24 MP: 2/2
  1216 | D:1      | Reached XP level 3. HP: 28/29 MP: 3/3
  1636 | D:2      | Reached ** piety under Trog
  2155 | D:2      | Found a bloodstained altar of Trog.
  2428 | D:2      | Reached XP level 4. HP: 32/35 MP: 4/4
  2706 | D:3      | Killed from afar by an orc priest

Illustrated notes

Levels and vault maps discovered:
D:1:      lightli_arrival_farm, layout_basic
D:2:      layout_rooms, st_stairs_10, trog_hazing_becter
D:3:      layout_basic, marbit_many_paths, first_ration

Skill      XL: |  1  2  3 |
---------------+----------+-----
Dodging        | 2 |  2.1
Armour         | 2 |  2.1
Maces & Flails | 3 |  3.1
Fighting       | |  3.4

Action                   |  1- 3 |  4- 6 || total
-------------------------+-------+-------++-------
Melee: Mace              |   176 |    18 ||   194
Armor: Robe              |    16 |       ||    16
       Ring mail         |    54 |     8 ||    62
Dodge: Dodged            |   142 |     6 ||   148
Block: Kite shield       |     2 |     6 ||     8

Table legend:
 A = Non-vault XP
 B = Vault XP
 C = Vault XP percentage of total XP
 D = Non-vault monster count
 E = Vault monster count
 F = Vault count percentage of total count
                 A         B        C        D         E       F
            +---------+---------+-------+---------+---------+-------
      Total |      96 |      14 |  12.7 |      53 |       9 |  14.5
            +---------+---------+-------+---------+---------+-------
        D:1 |      45 |       2 |   4.3 |      27 |       1 |   3.6
        D:2 |      39 |      12 |  23.5 |      21 |       8 |  27.6
        D:3 |      12 |       0 |   0.0 |       5 |       0 |   0.0
            +---------+---------+-------+---------+---------+-------
